 Dungeon Crawl Stone Soup version 0.32-a0-576-g706899e69d (webtiles) character file.

Game seed: 9661023124618620991

5726 BeKind the Fighter (level 10, -9/96 HPs)
             Began as a Minotaur Berserker on Mar 2, 2024.
             Was an Elder of Trog.
             Mangled by Gastronok (33 damage)
             ... on level 8 of the Dungeon.
             The game lasted 00:10:56 (7462 turns).

BeKind the Fighter (Minotaur Berserker)             Turns: 7462, Time: 00:10:56

Health: -9/96      AC: 11    Str: 25    XL:     10   Next: 48%
Magic:  9/9        EV: 11    Int:  4    God:    Trog [****..]
Gold:   447        SH:  5    Dex: 17    Spells: 9/9 levels left

rFire   . . .        b - +5 woodcutter's axe
rCold   . . .        (shield currently unavailable)
rNeg    . . .        i - +0 chain mail
rPois   .            (helmet restricted)
rElec   .            (no cloak)
rCorr   .            (no gloves)
SInv    .            (no boots)
Will    .....        r - amulet of reflection Stlth
                     l - +6 ring of dexterity
HPRegen 0.36/turn    (no ring)
MPRegen 0.11/turn

%: reflection
@: on berserk cooldown, slowed, very slow
A: horns 2, retaliatory headbutt
a: Renounce Religion, Berserk, Trog's Hand, Brothers in Arms


You were on level 8 of the Dungeon.
You worshipped Trog.
Trog was greatly pleased with you.
You visited 1 branch of the dungeon, and saw 8 of its levels.

You collected 447 gold pieces.

Inventory:

Hand Weapons
 a - a +0 spear
 b - the +5 woodcutter's axe (weapon)
   (You found it on level 5 of the Dungeon)
 f - a +4 trident of draining
 y - a +2 heavy trident
Missiles
 n - 5 boomerangs (quivered)
 p - 2 throwing nets
Armour
 i - a +0 chain mail (worn)
Jewellery
 l - a +6 ring of dexterity (left hand)
 r - an amulet of reflection (around neck)
 F - an amulet of guardian spirit
Wands
 c - a wand of flame (2)
 m - a wand of quicksilver (20)
 C - a wand of digging (3)
 D - a wand of warping (8)
Scrolls
 d - a scroll of butterflies {unknown}
 e - 5 scrolls of teleportation {unknown}
 g - a scroll of fear
 h - a scroll of torment
 j - a scroll of revelation
 k - a scroll of enchant armour
 s - 5 scrolls of immolation
 v - a scroll of noise
 w - 3 scrolls of enchant weapon
 x - a scroll of amnesia {unknown}
 A - 2 scrolls of blinking {unknown}
 G - 3 scrolls of poison {unknown}
 H - a scroll of fog {unknown}
 J - 2 scrolls of identify
Potions
 o - 2 potions of invisibility {unknown}
 q - 5 potions of curing {unknown}
 t - a potion of brilliance {unknown}
 u - a potion of heal wounds {unknown}
 z - 2 potions of enlightenment {unknown}
 B - 2 potions of mutation {unknown}
 E - 2 potions of haste {unknown}
 I - a potion of resistance {unknown}
 K - a potion of might {unknown}
 L - a potion of lignification


   Skills:
 + Level 11.3 Fighting
 + Level 11.1 Polearms
 + Level 10.7 Armour
 - Level 5.0 Dodging


You had 9 spell levels left.
You didn't know any spells.
Your spell library contained the following spells:

 Spells                   Type           Power      Damage    Failure   Level
 Tukima's Dance           Hex            0%         N/A       100%        3
 Passage of Golubria      Tloc           0%         N/A       100%        4
 Yara's Violent Unravell  Hex/Alch       0%         3d3       100%        5


Dungeon Overview and Level Annotations

Branches:
Dungeon (8/15)             Temple (0/1) D:6
   Lair: D:8-11

Altars:
Elyvilon
Fedhas
Nemelex Xobeh
Okawaru
Yredelemnul
Zin
The Shining One

Shops:
D:8 (

Annotations:
D:8 Gastronok


Innate Abilities, Weirdness & Mutations

You have a pair of horns on your head.
You reflexively headbutt those who attack you in melee.


Message History

The gnoll is no longer moving quickly.
Gastronok bites you!!
The gnoll hits you from afar with a +0 spear.
The centaur unwields a +0 shortbow.
You block the centaur's attack.
The centaur kicks you but does no damage.
You barely miss Gastronok. You headbutt Gastronok.
Gastronok is almost dead.
You slash the centaur!
An orc comes into view. It is wielding a +0 war axe.
The centaur hits you but does no damage.
The centaur closely misses you. The gnoll hits you but does no damage.
You slash Gastronok!
Gastronok is almost dead.
You hit the centaur.
The centaur hits you but does no damage.
The centaur barely misses you. Gastronok bites you!!
* * * LOW HITPOINT WARNING * * *
The gnoll hits you but does no damage.
You are too injured to fight recklessly!
Unknown command.
You are too injured to fight recklessly!
Unknown command.
Unknown command.
You are too injured to fight recklessly!
Unknown command.
You are too injured to fight recklessly!
Okay, then.
As you read the scroll labelled TOCLEO DOOVVA, it crumbles to dust.
It is a scroll of enchant weapon.
Your +3 trident of draining glows red for a moment.
The centaur misses you. The centaur kicks you.
* * * LOW HITPOINT WARNING * * *
The orc warrior hits you with a +0 war axe.
* * * LOW HITPOINT WARNING * * *
You block the centaur's attack. The centaur completely misses you.
The gnoll hits you but does no damage.
The orc warrior hits you with a +0 war axe.
* * * LOW HITPOINT WARNING * * *
Gastronok bites you!!
You die...
Gastronok gurgles, "Let's see if you taste as good as that wizard did."

##.........
P........
♣♣PP.....#
♣.♣....$.#
♣.......# .
♣P♣......#+##..
♣...g)).......
#$.)o......
#))@co.....
#...w..#+##
#''##..#
#..)#..# #...#
.# #)..# ..
..#. #)### ..
... ##..# ...
..## ##..>#


You could see Gastronok (swift), an orc warrior, a centaur, a gnoll and an orc.

Vanquished Creatures
  Pikel (D:4)
  Maurice (D:7)
  Joseph (D:7)
  Jeremiah (D:6)
  An unseen horror (D:5)
  Maggie (D:6)
  A hornet (D:7)
  Grinder (D:5)
  The ghost of Vadun the Chopper, an amateur MDMo of Wu Jian (D:5)
  Menkaure (D:6)
  A water moccasin (D:7)
  3 orc warriors
  An ice beast (D:8)
  A sky beast (D:6)
  3 black bears
  3 ogres
  2 centaurs
  4 bullfrogs
  A gnoll sergeant (D:5)
  A scorpion (D:6)
  7 wights
  A howler monkey (D:7)
  A bombardier beetle (D:4)
  6 gnoll boudas
  5 orc priests
  3 hounds
  A jelly (D:5)
  2 iguanas
  3 orc wizards
  2 sleepcaps
  2 human skeletons (D:3)
  12 adders
  29 gnolls
  2 shadow imps
  A white imp (D:7)
  3 ribbon worms
  3 dart slugs
  28 orcs
  7 endoplasms
  2 giant cockroaches
  7 goblins
  6 hobgoblins
  4 jackals
  A quokka (D:5)
  7 ball pythons
  2 bats (D:3)
  A frilled lizard (D:2)
  A goblin skeleton (D:3)
  9 kobolds
  5 rats
193 creatures vanquished.

Vanquished Creatures (others)
  2 orc wizards
  An orc (D:3)
3 creatures vanquished.

Grand Total: 196 creatures vanquished

Notes
Turn   | Place    | Note
-------+----------+-------------------------------------------
     0 | D:1      | BeKind the Minotaur Berserker began the quest for the Orb.
     0 | D:1      | Reached XP level 1. HP: 19/19 MP: 0/0
   296 | D:1      | Reached XP level 2. HP: 26/27 MP: 1/1
   788 | D:2      | Reached XP level 3. HP: 33/33 MP: 2/2
  1373 | D:3      | Found a faded altar of an unknown god.
  1380 | D:3      | Reached ** piety under Trog
  1381 | D:3      | Reached XP level 4. HP: 41/41 MP: 3/3
  1628 | D:3      | Found a runed translucent door.
  1628 | D:3      | Noticed a human
  1633 | D:3      | Found a basalt altar of Yredelemnul.
  1644 | D:3      | Reached XP level 5. HP: 47/47 MP: 4/4
  1894 | D:3      | Reached skill level 5 in Fighting
  1894 | D:3      | Reached skill level 5 in Polearms
  2343 | D:4      | Found a white marble altar of Elyvilon.
  2343 | D:4      | Found a glowing golden altar of the Shining One.
  2353 | D:4      | Reached XP level 6. HP: 35/56 MP: 5/5
  2922 | D:4      | Found a glowing silver altar of Zin.
  3062 | D:4      | Reached *** piety under Trog
  3279 | D:4      | Reached skill level 5 in Armour
  3279 | D:4      | Reached XP level 7. HP: 34/62 MP: 6/6
  3592 | D:5      | Entered Level 5 of the Dungeon
  3592 | D:5      | Noticed Pikel
  3612 | D:4      | Killed Pikel
  3613 | D:4      | Reached skill level 5 in Dodging
  3613 | D:4      | Reached XP level 8. HP: 58/71 MP: 7/7
  3655 | D:5      | Noticed Grinder
  3662 | D:5      | Paralysed by Grinder for 5 turns
  3671 | D:5      | Killed Grinder
  3792 | D:5      | Found a blossoming altar of Fedhas.
  4056 | D:5      | Found a runed translucent door.
  4159 | D:5      | Found the +5 woodcutter's axe
  4449 | D:5      | Noticed Vadun's ghost (amateur MDMo)
  4468 | D:5      | Killed Vadun's ghost
  4491 | D:5      | Killed an unseen horror
  4648 | D:6      | Noticed Jeremiah
  4657 | D:6      | Killed Jeremiah
  4658 | D:6      | Reached XP level 9. HP: 82/82 MP: 8/8
  4785 | D:6      | Noticed Menkaure
  4794 | D:6      | Killed Menkaure
  5004 | D:6      | Found a staircase to the Ecumenical Temple.
  5193 | D:6      | Noticed Maggie
  5201 | D:6      | Killed Maggie
  5441 | D:6      | Found an iron altar of Okawaru.
  5444 | D:6      | Reached **** piety under Trog
  5583 | D:7      | Noticed Joseph
  5593 | D:7      | Killed Joseph
  5594 | D:7      | Reached skill level 10 in Fighting
  5847 | D:7      | Identified the +4 quarterstaff "Nyla" {venom, Str+3 Int+2}
  5938 | D:7      | Noticed Maurice
  5942 | D:7      | Something stole a +3 trident of draining
  5944 | D:7      | Something stole 5 boomerangs
  5961 | D:7      | Something stole 229 gold
  5962 | D:7      | Killed Maurice
  5963 | D:7      | Reached skill level 10 in Polearms
  6128 | D:7      | Identified the +5 sling of Resourcefulness {flame, rPois
                  | Will++ MP+9 Dex-5}
  6245 | D:7      | Reached XP level 10. HP: 75/92 MP: 9/9
  6316 | D:7      | Reached skill level 10 in Armour
  7175 | D:8      | Found a sparkling altar of Nemelex Xobeh.
  7326 | D:8      | Found Zuuzi's Weapon Boutique.
  7446 | D:8      | Noticed Gastronok
  7462 | D:8      | Mangled by Gastronok

Illustrated notes

Levels and vault maps discovered:
D:1:      dpeg_arrival_erosion, layout_basic, grunt_decor_fettered
D:2:      layout_rooms, serial_forest, infiniplex_forest_clump_medium,
          infiniplex_forest_clump_curved, infiniplex_forest_lined_3,
          infiniplex_forest_end_2, infiniplex_forest_clump_double,
          infiniplex_forest_corner_1, infiniplex_forest_end_2,
          infiniplex_forest_end_double, grunt_ministairs_14,
          minmay_misc_feat_encased
D:3:      layout_loops_ring, dk_yredelemnul_ordeal,
          ebering_ecumenical_altar_abandoned, cheibrodos_gnoll_hut
D:4:      layout_rooms, good_gods_temple_1
D:5:      layout_rooms, lemuel_coloured_pillars_altar,
          ebering_ghost_inner_flame, pf_guarded_unrand_woodcutter, uniq_pikel,
          uniq_grinder
D:6:      layout_basic, okawaru_altar_gauntlet_db,
          minmay_temple_entry_crystal_x, due_unseen_surprise, uniq_jeremiah,
          uniq_menkaure, uniq_maggie
D:7:      layout_loops_ring, grunt_potential, uniq_joseph, uniq_maurice
D:8:      kennysheep_seaside_town, layout_cave_pools,
          mainiacjoe_overflow_brackets, serial_shops, shop,
          minmay_misc_feat_roman, uniq_erica, uniq_gastronok

Skill      XL: |  1  2  3  4  5  6  7  8  9 10 |
---------------+-------------------------------+-----
Fighting       | 4 5 6 8 10 11 | 11.3
Polearms       | 4 5 6 8 10 11 | 11.1
Armour         | 3 4 5 6 8 9 10 | 10.7
Dodging        | 3 4 5 |  5.0

Action                     |  1- 3 |  4- 6 |  7- 9 | 10-12 || total
---------------------------+-------+-------+-------+-------++-------
  Melee: Spear             |    91 |   177 |   101 |       ||   369
         Headbutt          |    15 |    20 |    30 |    17 ||    82
         Battleaxe         |       |       |   106 |    80 ||   186
 Invoke: Berserk           |       |     2 |     7 |     4 ||    13
    Use: Potion            |       |     2 |       |       ||     2
         Scroll            |       |       |     5 |     1 ||     6
 Armour: Animal skin       |    18 |       |       |       ||    18
         Chain mail        |     8 |   102 |   131 |    86 ||   327
  Dodge: Dodged            |    34 |    74 |    69 |    55 ||   232
  Block: Other             |       |       |    25 |    23 ||    48
         Reflection        |       |       |     1 |     2 ||     3

Table legend: (Time is in decaauts)
 A = Elapsed time spent in this place.
 B = Non-inter-level travel time spent in this place.
 C = Inter-level travel time spent in this place.
 D = Time resting spent in this place.
 E = Time spent auto-exploring this place.
 F = Levels seen in this place.
 G = Mean time per level.
                   A        B        C        D        E       F      G
               +--------+--------+--------+--------+--------+-----+--------+
         Total |   7526 |   7137 |    389 |   1073 |   4974 |   8 |  940.8 |
       Dungeon |   7526 |   7137 |    389 |   1073 |   4974 |   8 |  940.8 |
               +--------+--------+--------+--------+--------+-----+--------+

Top non-repeatable levels by time:
     D:7: 1518 daAuts
     D:4: 1321 daAuts
     D:3: 1003 daAuts
     D:5: 1001 daAuts
     D:6: 953 daAuts
     D:1: 696 daAuts
     D:2: 613 daAuts
     D:8: 417 daAuts
